 Dungeon Crawl Stone Soup version 0.27.1-3-gb3d3a73c9e (webtiles) character file.

Game seed: 14424424186380743575

41 jlumianski the Shield-Bearer (level 3, -5/37 HPs)
             Began as a Deep Dwarf Fighter on Oct 8, 2021.
             Killed by nerve-wracking pain
             ... invoked by an orc priest
              (7 damage)
             ... on level 3 of the Dungeon.
             The game lasted 00:04:11 (1118 turns).

jlumianski the Shield-Bearer (Deep Dwarf Fighter)   Turns: 1118, Time: 00:04:14

Health: -5/37      AC:  8    Str: 18    XL:     3   Next: 32%
Magic:  3/3        EV:  7    Int:  8    God:
Gold:   85         SH:  0    Dex: 12    Spells: 2/2 levels left

rFire    . . .     SeeInvis .   a - +0 war axe
rCold    . . .     Faith    .   c - +0 kite shield
rNeg     . . .     Spirit   .   b - +0 scale mail
rPois    .         Reflect  .   (no helmet)
rElec    .         Harm     .   e - +0 cloak
rCorr    .         Rampage  .   (no gloves)
Will     .....     Rnd*Tele +   (no boots)
Stlth    ..........             f - amulet of magic regeneration
HPRegen  0.00/turn              (no ring)
MPRegen  0.33/turn              (no ring)

@: confused, hasted, very quick
A: damage resistance, heal wounds, sense surroundings 1, no regeneration, robust
1, teleportitis 1, weak 1
a: Heal Wounds


You were on level 3 of the Dungeon.
You visited 1 branch of the dungeon, and saw 3 of its levels.

You collected 85 gold pieces.

Inventory:

Hand Weapons
 a - a +0 war axe (weapon)
Missiles
 g - 17 sling bullets
 h - 4 javelins (quivered)
 l - 36 bolts
Armour
 b - a +0 scale mail (worn)
 c - a +0 kite shield (worn)
 e - a +0 cloak (worn)
Jewellery
 f - an amulet of magic regeneration (around neck)
Wands
 o - a wand of flame (18)
Scrolls
 i - a scroll of enchant weapon {unknown}
 k - a scroll of magic mapping {unknown}
 m - 5 scrolls of identify {unknown}
 n - a scroll of noise {unknown}
 p - 2 scrolls of teleportation {unknown}
Potions
 d - a potion of might


   Skills:
 + Level 3.1 Fighting
 + Level 2.9 Axes
 + Level 3.4 Armour
 + Level 0.2 Dodging
 + Level 3.9 Shields


You had 2 spell levels left.
You didn't know any spells.
Your spell library contained the following spells:

 Spells                   Type           Power      Damage    Failure   Level
 Sting                    Tmut/Pois      0%         1d3       99%         1
 Poisonous Vapours        Pois/Air       0%         N/A       100%        2
 Olgreb's Toxic Radiance  Pois           0%         N/A       100%        4


Dungeon Overview and Level Annotations

Branches:
Dungeon (3/15)

Altars:

Shops:
D:3 (


Innate Abilities, Weirdness & Mutations

You are resistant to damage.
You can heal yourself by infusing magical energy.
You passively map a small area around you.
You do not regenerate.
You are robust. (+10% HP)
You are occasionally teleported next to monsters.
You are weak. (Str -2)


Message History

The orc shouts!
The orc wizard shouts!
You block the bullfrog zombie's attack.
The orc wizard points at you and mumbles some strange words.
You are confused.
The bullfrog zombie hits you.
The bullfrog zombie hits you but does no damage.
You bump into the rock wall.
The bullfrog zombie hits you. The bullfrog zombie barely misses you.
You bump into the rock wall.
The bullfrog zombie hits you.
The orc priest looks braver for a moment.
The bullfrog zombie hits you.
* * * LOW HITPOINT WARNING * * *
Okay, then.
It was a potion of haste.
You feel yourself speed up.
The bullfrog zombie hits you but does no damage.
The orc priest looks encouraged for a moment.
It was a potion of mutation.
You feel extremely strange.
You feel weaker.
You feel weirdly uncertain.
You feel robust.
The bullfrog zombie hits you but does no damage.
The orc wizard gestures wildly while chanting.
The orc wizard flickers and vanishes!
Deactivating autopickup; reactivate with Ctrl-A.
Okay, then.
Unknown command.
Unknown command.
Unknown command.
You feel less confused. You block the bullfrog zombie's attack.
The orc priest mumbles some strange prayers to Beogh against you.
Beogh smites you!
* * * LOW HITPOINT WARNING * * *
The orc barely misses you.
You closely miss the orc priest. You closely miss the orc.
You hit the bullfrog zombie.
The bullfrog zombie hits you but does no damage.
You hear some strange, mumbled words.
You are confused.
The orc priest calls down the wrath of Beogh upon you.
Pain shoots through your body!
You die...

* * * ........##### ,
........##... ,
......... ... ,,* * ,
........# .. ........##
#.## * ,, #..{...#
#..####### *
.##..$.o.####.#.....####
....[.o@Z..†........†...
###......####.......###.
* #......# ##......# #.
* ######## #......# #.
##.##### #. * #..# #. ,
, * ##.# #. * * #.# #. *
### #.


You could see an orc priest, an orc and a bullfrog zombie.

Vanquished Creatures
  4 dart slugs
  3 bats
  2 endoplasms (D:1)
  2 giant cockroaches
  3 goblins
  4 hobgoblins (D:1)
  A quokka (D:1)
  4 ball pythons
  5 kobolds
  3 rats
31 creatures vanquished.

Notes
Turn   | Place    | Note
-------+----------+-------------------------------------------
     0 | D:1      | jlumianski the Deep Dwarf Fighter began the quest for the
                  | Orb.
     0 | D:1      | Reached XP level 1. HP: 20/20 MP: 1/1
    96 | D:1      | Reached XP level 2. HP: 19/28 MP: 2/2
   529 | D:2      | Reached XP level 3. HP: 18/34 MP: 3/3
  1068 | D:3      | Found Oqupum's Weapon Shop.
  1116 | D:3      | Gained mutation: You are weak. (Str -2) [potion of
                  | mutation]
  1116 | D:3      | Gained mutation: You are occasionally teleported next to
                  | monsters. [potion of mutation]
  1116 | D:3      | Gained mutation: You are robust. (+10% HP) [potion of
                  | mutation]
  1118 | D:3      | Killed from afar by an orc priest

Illustrated notes

Levels and vault maps discovered:
D:1:      scummos_arrival_star, layout_rooms, minmay_liquid_box
D:2:      layout_rooms
D:3:      layout_basic, general_overflow_altar, serial_shops, shop,
          nicolae_lakefront_shop

Skill      XL: |  1 |
---------------+----+-----
Fighting       | 3 |  3.1
Axes           | |  2.9
Armour         | |  3.4
Dodging        | |  0.2
Shields        | |  3.9

Action                   || total
-------------------------++-------
Melee: War axe           ||    75
  Use: Potion            ||     2
Armor: Scale mail        ||    49
Dodge: Dodged            ||    31
Block: Kite shield       ||    58
